[Event "Titled Tuesday Blitz March 01 Late 2022"]
[White "Sailer, Mike"]
[Black "Kovanova, Baira"]
[WhiteFideId "2012901"]
[BlackFideId "4164083"]
[WhiteElo "2109"]
[BlackElo "2190"]
[Result "0-1"]
[Round "07"]
[TimeControl "180+1"]
[Date "2022.03.02"]
[WhiteClock "0:00:01"]
[BlackClock "0:00:53"]

1. d4 Nf6 2. Nf3 e6 3. Bf4 d5 4. e3 Bd6 5. Bg3 c5 6. c3 Qc7 7. Nbd2 O-O 8. Bd3 Nbd7 9. O-O e5 10. Nxe5 Nxe5 11. dxe5 Bxe5 12. Nf3 Bxg3 13. hxg3 Bg4 14. Qc2 Qd6 15. Rad1 h6 16. Bf5 Rad8 17. c4 Bxf3 18. gxf3 d4 19. exd4 cxd4 20. c5 Qd5 21. Be4 Nxe4 22. fxe4 Qxa2 23. Ra1 Qe6 24. Rxa7 d3 25. Qa4 Qe5 26. Rxb7 Qxc5 27. Rd1 Qc2 28. Qa1 d2 29. Rb5 Qxe4 30. Rb3 Rfe8 31. Re3 Qc2 32. Rxe8+ Rxe8 33. Kh2 Re2 34. Kg2 Qe4+ 0-1


[Site "https://www.chess.com"]

[Event "Titled Tuesday Blitz March 01 Late 2022"]
[White "Salinas Herrera, Pablo"]
[Black "Fishbein, Alexander"]
[WhiteFideId "3407128"]
[BlackFideId "2000377"]
[WhiteElo "2541"]
[BlackElo "2442"]
[Result "1-0"]
[Round "07"]
[TimeControl "180+1"]
[Date "2022.03.01"]
[WhiteClock "0:01:27"]
[BlackClock "0:00:07"]

1. d4 Nf6 2. Nf3 g6 3. Nbd2 Bg7 4. e4 d6 5. Bb5+ c6 6. Bd3 Nbd7 7. O-O e5 8. c3 O-O 9. Re1 Re8 10. h3 b6 11. a4 a6 12. Nf1 Bb7 13. Ng3 exd4 14. cxd4 c5 15. d5 Rc8 16. Bc4 b5 17. axb5 Nb6 18. bxa6 Nxc4 19. axb7 Rb8 20. Qb3 Na5 21. Qb5 Nxb7 22. Ra7 Qd7 23. Qa6 Qc8 24. Bf4 Bf8 25. Rc1 Nxe4 26. b4 Qd7 27. Nxe4 Rxe4 28. bxc5 Rxf4 29. c6 Qf5 30. Rxb7 Re8 31. c7 Rxf3 32. Rb8 Rxf2 33. Rxe8 Rxg2+ 34. Kxg2 Qg5+ 35. Kf2 Qf4+ 36. Ke2 Qxc1 37. Rxf8+ Kg7 38. c8=Q Qb2+ 39. Kd1 Qd4+ 40. Kc2 Qf2+ 41. Kb3 Qf3+ 42. Qc3+ 1-0


[Site "https://www.chess.com"]

[Event "Titled Tuesday Blitz March 01 Late 2022"]
[White "Sarana, Alexey"]
[Black "Gareyev, Timur"]
[WhiteFideId "24133795"]
[BlackFideId "14200937"]
[WhiteElo "2665"]
[BlackElo "2586"]
[Result "0-1"]
[Round "07"]
[TimeControl "180+1"]
[Date "2022.03.01"]
[WhiteClock "0:00:02"]
[BlackClock "0:00:14"]

1. d4 Nf6 2. c4 e6 3. Nc3 Bb4 4. e3 b6 5. Ne2 Bb7 6. a3 Bd6 7. d5 O-O 8. Ng3 Be5 9. Bd2 exd5 10. cxd5 Nxd5 11. Nxd5 Bxd5 12. Bd3 Nc6 13. f4 Bxb2 14. Rb1 Bxa3 15. Qh5 f5 16. Bxf5 Rxf5 17. Qxf5 Ne7 18. Qd3 Bc5 19. O-O a5 20. Kh1 a4 21. e4 Bf7 22. Bc3 d5 23. Rfd1 a3 24. Qf3 a2 25. Rbc1 d4 26. Ba1 Ra3 27. Qg4 Qc8 28. Qxc8+ Nxc8 29. Nf5 Nd6 30. Nxd6 cxd6 31. h4 b5 32. f5 Bc4 33. Re1 d3 34. Rcd1 d2 35. Rxd2 Bb4 36. Red1 Bxd2 37. Rxd2 Rb3 38. Kh2 Rb1 39. Bd4 b4 40. e5 dxe5 41. Bxe5 a1=Q 42. Rd8+ Kf7 43. Bxa1 Rxa1 44. Rb8 b3 45. g4 Kf6 46. Kg3 Ra4 47. h5 h6 48. Rb6+ Ke5 49. Rb7 Bd5 50. Rxg7 b2 51. Re7+ Kd4 52. Re1 Ra1 0-1


[Site "https://www.chess.com"]

[Event "Titled Tuesday Blitz March 01 Late 2022"]
[White "Sarkar, Justin"]
[Black "Curtis, John"]
[WhiteFideId "2010011"]
[BlackFideId "3200256"]
[WhiteElo "2038"]
[BlackElo "2203"]
[Result "0-1"]
[Round "07"]
[TimeControl "180+1"]
[Date "2022.03.02"]
[WhiteClock "0:00:01"]
[BlackClock "0:00:56"]

1. d4 Nf6 2. c4 e6 3. Nf3 Bb4+ 4. Bd2 Qe7 5. a3 Bxd2+ 6. Qxd2 d6 7. Nc3 O-O 8. e4 e5 9. d5 Bg4 10. Qe3 Bxf3 11. Qxf3 Nbd7 12. b4 a5 13. Rc1 axb4 14. axb4 Ra3 15. Qd1 c6 16. Be2 Rc8 17. O-O cxd5 18. exd5 e4 19. Qd4 Rca8 20. Rfe1 g6 21. Bd3 Qe5 22. Qxe5 Nxe5 23. Bf1 Rb3 24. c5 Rxb4 25. cxd6 Rd8 26. Nb5 Nxd5 27. Rcd1 Nf6 28. f3 Nd3 29. Bxd3 exd3 30. Nc3 Rxd6 0-1


[Site "https://www.chess.com"]

[Event "Titled Tuesday Blitz March 01 Late 2022"]
[White "Scalzo, Antonio R"]
[Black "Yedidia, Daniel"]
[WhiteFideId "2079674"]
[BlackFideId "30905907"]
[WhiteElo "2307"]
[BlackElo "2476"]
[Result "0-1"]
[Round "07"]
[TimeControl "180+1"]
[Date "2022.03.02"]
[WhiteClock "0:00:40"]
[BlackClock "0:01:17"]

1. b4 Nf6 2. Bb2 b6 3. Nf3 Bb7 4. e3 d6 5. c4 Nbd7 6. Be2 g6 7. O-O Bg7 8. a3 O-O 9. d3 c5 10. Nbd2 Qc7 11. Rc1 Rfd8 12. Qb3 Rac8 13. Ba1 Nf8 14. h3 Ne6 15. Rfd1 d5 16. cxd5 Bxd5 17. Qb1 Qd7 18. d4 cxb4 19. Qxb4 Bb7 20. Ne5 Qd6 21. Qxd6 Rxd6 22. Bb2 Rdd8 23. Bc4 Nd5 24. Nef3 a6 25. Bb3 b5 26. Rxc8 Rxc8 27. Rc1 Rxc1+ 28. Bxc1 Nec7 29. Ba2 e6 30. Nb3 Nc3 31. Nc5 Bxf3 32. gxf3 Nxa2 33. Bd2 Bf8 34. Kf1 Bxc5 35. dxc5 a5 36. Ke1 b4 37. axb4 axb4 38. Kd1 Nc3+ 39. Kc2 N3d5 40. Kb3 Na6 41. Kc4 Ndc7 42. e4 Kf8 43. Bf4 Ke7 44. c6 f6 45. h4 e5 46. Bd2 Kd6 47. h5 gxh5 0-1


[Site "https://www.chess.com"]

[Event "Titled Tuesday Blitz March 01 Late 2022"]
[White "Steenbekkers, Franck"]
[Black "Alfaro, William"]
[WhiteFideId "1004220"]
[BlackFideId "6100457"]
[WhiteElo "2180"]
[BlackElo "2066"]
[Result "1-0"]
[Round "07"]
[TimeControl "180+1"]
[Date "2022.03.02"]
[WhiteClock "0:00:09"]
[BlackClock "0:00:47"]

1. e4 c5 2. Nf3 Nc6 3. d4 cxd4 4. Nxd4 Nf6 5. Nc3 e5 6. Ndb5 d6 7. Nd5 Nxd5 8. exd5 Ne7 9. c4 Nf5 10. Qa4 Bd7 11. Qb4 a6 12. Nc3 Nd4 13. Bd3 f5 14. Be3 Be7 15. Bxd4 exd4 16. Ne2 O-O 17. O-O Bf6 18. Rfe1 Qc7 19. b3 a5 20. Qd2 a4 21. Nf4 Bg5 22. g3 axb3 23. axb3 Rxa1 24. Rxa1 Qb6 25. b4 Re8 26. Rc1 Qa6 27. c5 Qa3 28. c6 bxc6 29. dxc6 Bc8 30. b5 h6 31. b6 Be6 32. c7 Bc8 33. Bc4+ Kh7 34. Rb1 Bb7 35. Qd3 Qc5 36. Bd5 Bc8 37. b7 Qxc7 38. b8=Q Qc5 39. Qb4 Qc7 40. Qbxd4 Re5 41. h4 Bf6 42. Nh5 Be7 43. Rd1 g6 44. Nf4 Bf6 45. h5 g5 46. Ng6 Re6 47. Qxf5 Re1+ 48. Rxe1 Bxd4 49. Ne7+ Kg7 50. Qg6+ Kf8 51. Qg8# 1-0


[Site "https://www.chess.com"]

[Event "Titled Tuesday Blitz March 01 Late 2022"]
[White "Svane, Rasmus"]
[Black "Daggupati, Balaji"]
[WhiteFideId "4657101"]
[BlackFideId "2090759"]
[WhiteElo "2645"]
[BlackElo "2746"]
[Result "0-1"]
[Round "07"]
[TimeControl "180+1"]
[Date "2022.03.01"]
[WhiteClock "0:00:02"]
[BlackClock "0:00:04"]

1. Nf3 d5 2. g3 Bg4 3. Bg2 c6 4. h3 Bh5 5. O-O Nd7 6. d4 e6 7. c4 Ngf6 8. cxd5 exd5 9. Ne5 Nxe5 10. dxe5 Ne4 11. Bxe4 dxe4 12. Nc3 Bg6 13. Qb3 Qd7 14. Be3 Be7 15. Rad1 Qc7 16. Qc4 Qxe5 17. Bd4 Qf5 18. Qb3 b6 19. Qc4 O-O 20. Qxc6 Qxh3 21. Nd5 Bg5 22. Qc3 Rac8 23. Qa3 Rfe8 24. Be3 Bxe3 25. Qxe3 h5 26. Nf4 Qg4 27. Ng2 Rc2 28. Rd2 Rxd2 29. Qxd2 Bf5 30. Rc1 Be6 31. a3 Qf5 32. Qf4 Qd5 33. Kh2 Rd8 34. Rc7 Qd2 35. Rxa7 Qxe2 36. Qg5 Rc8 37. Qe3 Qxb2 38. Nf4 Bg4 39. Nd5 Bf3 40. Ne7+ Kh7 41. Qf4 Rc1 42. Qf5+ g6 43. Qxf7+ Qg7 0-1


[Site "https://www.chess.com"]

[Event "Titled Tuesday Blitz March 01 Late 2022"]
[White "Szente Varga, Fruzsina"]
[Black "Pinheiro, Iung Alicio de O."]
[WhiteFideId "712264"]
[BlackFideId "2104350"]
[WhiteElo "1994"]
[BlackElo "2527"]
[Result "0-1"]
[Round "07"]
[TimeControl "180+1"]
[Date "2022.03.02"]
[WhiteClock "0:00:20"]
[BlackClock "0:00:34"]

1. e4 c6 2. d4 d5 3. Nc3 dxe4 4. Nxe4 Nf6 5. Nxf6+ exf6 6. c3 Bd6 7. Bd3 O-O 8. Qc2 Re8+ 9. Ne2 h5 10. Bd2 Nd7 11. O-O-O Nf8 12. f3 b5 13. Rdg1 Be6 14. g4 h4 15. g5 f5 16. Kb1 Ng6 17. Nc1 Qd7 18. Re1 a5 19. Nb3 a4 20. Nc5 Bxc5 21. dxc5 Rad8 22. Re3 Nf4 23. Bc1 Nxd3 24. Rd1 Bc4 25. b3 Rxe3 26. Bxe3 axb3 27. axb3 Ra8 28. bxc4 bxc4 29. Rxd3 cxd3 30. Qb2 Qc7 31. Kc1 Rb8 32. Qa2 f4 33. Bd4 Qe7 34. Qd2 Qe2 35. Qxe2 dxe2 36. Kd2 Rb2+ 37. Ke1 Kh7 38. Be5 Rc2 39. Bxf4 Rxc3 40. Bd6 Rc2 41. Kf2 Kg6 42. Ke1 Kxg5 43. f4+ Kf5 44. Kf2 Ke4 45. Ke1 Kf3 0-1


[Site "https://www.chess.com"]

[Event "Titled Tuesday Blitz March 01 Late 2022"]
[White "Tari, Aryan"]
[Black "Li, Ben"]
[WhiteFideId "1510045"]
[BlackFideId "2089980"]
[WhiteElo "2567"]
[BlackElo "2267"]
[Result "1-0"]
[Round "07"]
[TimeControl "180+1"]
[Date "2022.03.01"]
[WhiteClock "0:00:50"]
[BlackClock "0:00:06"]

1. c4 e6 2. g3 d5 3. Bg2 Nf6 4. Nf3 Be7 5. d4 O-O 6. Nc3 b6 7. O-O Bb7 8. b3 Nbd7 9. Bb2 c5 10. cxd5 Nxd5 11. Nxd5 Bxd5 12. Qd3 cxd4 13. Bxd4 Bf6 14. Rad1 Nc5 15. Qe3 Bxd4 16. Rxd4 Qf6 17. Ne5 Bxg2 18. Kxg2 a5 19. Rfd1 Rac8 20. h4 Rfd8 21. Rd6 Rb8 22. Nc6 Rxd6 23. Rxd6 Rc8 24. Ne5 Rb8 25. Nc4 Qe7 26. Rxb6 Rxb6 27. Nxb6 Qb7+ 28. Qf3 Qa7 29. Qc6 Qb7 30. Qxb7 Nxb7 31. Kf3 Kf8 32. Ke4 Ke7 33. Kd4 Kd6 34. Nc4+ Kd7 35. Ne5+ Ke7 36. Kc4 f6 37. Nd3 e5 38. Kd5 h5 39. a4 g5 40. Nc5 gxh4 41. gxh4 Nd6 42. e4 f5 43. Kxe5 fxe4 44. Nxe4 Nf7+ 45. Kd5 Nh6 46. Ng3 Ng4 47. Nxh5 Nxf2 48. Ng3 Nd3 49. Kc4 Nc1 50. h5 Kf6 51. Ne4+ Kg7 52. Nc5 Kh6 53. Nb7 Kxh5 54. Nxa5 Kg6 55. Nc6 Ne2 56. a5 Nf4 57. a6 Ne6 58. Kb5 Nc7+ 59. Kb6 Nxa6 60. Kxa6 Kf6 61. b4 Ke6 62. b5 Kd6 63. b6 Kxc6 64. b7 Kc7 65. Ka7 1-0


[Site "https://www.chess.com"]

[Event "Titled Tuesday Blitz March 01 Late 2022"]
[White "Thavandiran, Shiyam"]
[Black "Abdrlauf, Elham"]
[WhiteFideId "2605058"]
[BlackFideId "1533533"]
[WhiteElo "2357"]
[BlackElo "2334"]
[Result "1-0"]
[Round "07"]
[TimeControl "180+1"]
[Date "2022.03.01"]
[WhiteClock "0:00:03"]
[BlackClock "0:01:00"]

1. e4 c6 2. d4 d5 3. Nd2 dxe4 4. Nxe4 Nf6 5. Nxf6+ exf6 6. c3 Bd6 7. Bd3 O-O 8. Qc2 Re8+ 9. Ne2 h5 10. O-O h4 11. Nf4 Qc7 12. g3 Nd7 13. Qd1 g6 14. Bd2 Nf8 15. Qf3 Kg7 16. c4 Ne6 17. Nxe6+ Bxe6 18. Bc3 Bh3 19. Rfe1 Qd7 20. Re3 Bg4 21. Qg2 h3 22. Qf1 Bf5 23. Rae1 Rxe3 24. Rxe3 Bxd3 25. Qxd3 Rd8 26. Qe4 Bc7 27. Kf1 b5 28. b3 bxc4 29. bxc4 Qd6 30. Rf3 Rb8 31. d5 Bd8 32. Ke2 cxd5 33. Qxd5 Qa6 34. a3 Qxa3 35. Bxf6+ Bxf6 36. Rxa3 Rb2+ 37. Kf3 a5 38. Qxa5 Bd4 39. Qe1 f5 40. Rd3 Bf6 41. g4 Rb7 42. gxf5 Rf7 43. fxg6 Rf8 44. Rd7+ Kh6 45. Qe6 Bg5+ 46. Ke2 Ra8 47. Rh7# 1-0


[Site "https://www.chess.com"]

[Event "Titled Tuesday Blitz March 01 Late 2022"]
[White "Tomiello, Mateus Costamilan"]
[Black "Martins, Carlos"]
[WhiteFideId "22701958"]
[BlackFideId "2101688"]
[WhiteElo "1975"]
[BlackElo "2183"]
[Result "1-0"]
[Round "07"]
[TimeControl "180+1"]
[Date "2022.03.02"]
[WhiteClock "0:00:08"]
[BlackClock "0:00:19"]

1. e4 e6 2. d4 d5 3. Nc3 Bb4 4. e5 c5 5. a3 Bxc3+ 6. bxc3 Qa5 7. Bd2 Qa4 8. Nf3 b6 9. Bd3 Ba6 10. O-O Ne7 11. Be3 Nd7 12. Bxa6 Qxa6 13. a4 Rc8 14. Nd2 Nf5 15. Nb3 O-O 16. a5 Qc4 17. axb6 axb6 18. Ra7 Nb8 19. Qd3 cxd4 20. Qxc4 Rxc4 21. Nxd4 Nxe3 22. fxe3 Rxc3 23. Rb1 Rxe3 24. Rxb6 Rxe5 25. Rbb7 Re1+ 26. Kf2 Rd1 27. c3 Rd2+ 28. Kf1 Rd3 29. Rc7 e5 30. Ke2 e4 31. Ne6 Nc6 32. Nxf8 Nxa7 33. Nd7 f5 34. Ne5 h6 35. Nxd3 exd3+ 36. Kxd3 Nb5 37. Rc5 Nd6 38. Rxd5 Ne4 39. Rxf5 Ng5 40. h4 Ne6 41. Kc4 Nd8 42. Rc5 Nb7 43. Rc8+ Kh7 44. Kd5 Kg6 45. c4 Kf7 46. Rc7+ Kf6 47. Rxb7 1-0


[Site "https://www.chess.com"]

[Event "Titled Tuesday Blitz March 01 Late 2022"]
[White "Urazayev, Arystanbek"]
[Black "Gutenev, Alexander"]
[WhiteFideId "13709810"]
[BlackFideId "4195540"]
[WhiteElo "2321"]
[BlackElo "2403"]
[Result "0-1"]
[Round "07"]
[TimeControl "180+1"]
[Date "2022.03.01"]
[WhiteClock "0:00:02"]
[BlackClock "0:01:05"]

1. d4 Nf6 2. c4 b6 3. Nc3 Bb7 4. Nf3 g6 5. g3 Bg7 6. Bg2 Ne4 7. Nxe4 Bxe4 8. O-O O-O 9. Qb3 Nc6 10. e3 Na5 11. Qa4 c5 12. Rd1 d6 13. Bd2 Rc8 14. dxc5 Rxc5 15. b3 Bxa1 16. Rxa1 d5 17. Bb4 Rc7 18. Bxa5 bxa5 19. Rd1 e6 20. Qxa5 Rd7 21. Qxd8 Rfxd8 22. c5 Rc8 23. b4 Rb7 24. a3 a5 25. Rd4 axb4 26. axb4 Rxc5 27. bxc5 Rb1+ 28. Bf1 Bxf3 29. Rd2 Kf8 30. Rc2 Ke7 31. c6 Kd8 32. c7+ Kc8 33. h3 e5 34. g4 f5 35. gxf5 gxf5 36. h4 h5 37. Rc5 f4 38. exf4 exf4 39. Rc2 Rd1 40. Rb2 Kxc7 41. Rc2+ Kd6 42. Rb2 Be4 43. Rb3 f3 44. Re3 Ke5 45. Ra3 Kf4 46. Ra8 Bd3 47. Rf8+ Ke4 48. Re8+ Kd4 49. Kh2 Rxf1 50. Kg3 Be4 51. Ra8 Rg1+ 52. Kf4 Rg4# 0-1


[Site "https://www.chess.com"]

[Event "Titled Tuesday Blitz March 01 Late 2022"]
[White "Vargas Pereda, Jesus Manue"]
[Black "Rudykh, Stepan"]
[WhiteFideId "5115710"]
[BlackFideId "4180321"]
[WhiteElo "1774"]
[BlackElo "2119"]
[Result "0-1"]
[Round "07"]
[TimeControl "180+1"]
[Date "2022.03.02"]
[WhiteClock "0:00:16"]
[BlackClock "0:00:21"]

1. d4 e6 2. Bf4 f5 3. e3 Nf6 4. Nf3 Be7 5. g3 O-O 6. Bg2 d6 7. h4 Ne4 8. Nbd2 Bf6 9. Ng5 Nxd2 10. Qxd2 e5 11. Bd5+ Kh8 12. Nf7+ Rxf7 13. Bxf7 exf4 14. gxf4 Qe7 15. Bb3 a5 16. a3 a4 17. Ba2 Nc6 18. O-O-O b5 19. Qe2 Nxd4 20. Qf1 Ne6 21. Qxb5 Bd7 22. Qb7 Qd8 23. c3 Rb8 24. Qf3 Qe8 25. h5 Nc5 26. h6 g6 27. Bd5 c6 28. Ba2 d5 29. Qe2 Bc8 30. f3 Ba6 31. Qf2 Nd3+ 32. Rxd3 Bxd3 33. Qd2 Ba6 34. Re1 Qf8 35. e4 fxe4 36. fxe4 dxe4 37. Rxe4 Rd8 38. Qe1 Bd3 39. Re6 Bf5 40. Rxc6 Qxh6 41. Qe3 Qh1+ 0-1


[Site "https://www.chess.com"]

[Event "Titled Tuesday Blitz March 01 Late 2022"]
[White "Vine, Elzbieta"]
[Black "Gerbelli Neto, Eduardo"]
[WhiteFideId "1119320"]
[BlackFideId "2103281"]
[WhiteElo "1855"]
[BlackElo "2178"]
[Result "0-1"]
[Round "07"]
[TimeControl "180+1"]
[Date "2022.03.02"]
[WhiteClock "0:01:22"]
[BlackClock "0:02:52"]

1. e4 e5 2. Nf3 Nc6 3. Bb5 a6 4. Ba4 d6 5. O-O Bg4 6. h3 h5 7. d4 b5 8. Bb3 Nxd4 9. hxg4 hxg4 10. Nxd4 Qh4 11. Nf3 Qh1# 0-1


[Site "https://www.chess.com"]

[Event "Titled Tuesday Blitz March 01 Late 2022"]
[White "Voit, Daria"]
[Black "Maze, Sebastien"]
[WhiteFideId "4182146"]
[BlackFideId "613762"]
[WhiteElo "2323"]
[BlackElo "2462"]
[Result "1-0"]
[Round "07"]
[TimeControl "180+1"]
[Date "2022.03.01"]
[WhiteClock "0:00:06"]
[BlackClock "0:00:05"]

1. Nf3 Nf6 2. c4 Nc6 3. g3 e5 4. Bg2 Bc5 5. Nc3 d6 6. O-O a5 7. e3 O-O 8. d4 Ba7 9. dxe5 dxe5 10. Qc2 h6 11. Rd1 Bd7 12. Nd5 Be6 13. Nb6 Bxb6 14. Rxd8 Rfxd8 15. a3 a4 16. Bd2 Nd7 17. Bf1 Nc5 18. Bc3 e4 19. Nd2 Bf5 20. Rd1 Bg4 21. Rb1 Re8 22. Bg2 Be2 23. Re1 Bd3 24. Qd1 Ba5 25. Bxa5 Rxa5 26. Qg4 Ne5 27. Qf5 Ne6 28. Bxe4 g6 29. Qh3 Ng5 30. Qg2 Bxe4 31. Nxe4 Ngf3+ 32. Kh1 Nxe1 33. Nf6+ Kf8 34. Qxb7 N1f3 35. Nxe8 Kxe8 36. Qxc7 Ra8 37. c5 Rd8 38. Kg2 g5 39. g4 h5 40. gxh5 g4 41. Kg3 Rd1 42. h6 Nd3 43. Qc8+ Ke7 44. Qc7+ Kf6 45. Qd8+ Kg6 46. Qg8+ Kxh6 47. Qh8+ Kg6 48. Kxg4 Nfe5+ 49. Kh3 Rd2 50. f4 Nf2+ 51. Kh4 Nf3+ 52. Kg3 Ng1 53. Qg8+ Kf5 54. Qxf7+ Ke4 55. Qe6+ Kd3 56. Qd5+ Kxe3 57. Qxd2+ Kxd2 58. Kxf2 Ne2 59. f5 Nd4 60. f6 Ne6 61. c6 Kc2 62. f7 Ng5 63. f8=Q Ne4+ 64. Ke3 1-0


[Site "https://www.chess.com"]

[Event "Titled Tuesday Blitz March 01 Late 2022"]
[White "Vusatiuk, Vladimir"]
[Black "Kosakowski, Jakub"]
[WhiteFideId "14118610"]
[BlackFideId "1185080"]
[WhiteElo "2157"]
[BlackElo "2476"]
[Result "0-1"]
[Round "07"]
[TimeControl "180+1"]
[Date "2022.03.01"]
[WhiteClock "0:00:06"]
[BlackClock "0:00:27"]

1. d4 Nf6 2. c4 g6 3. Nc3 d5 4. cxd5 Nxd5 5. e4 Nxc3 6. bxc3 Bg7 7. Nf3 c5 8. h3 O-O 9. Be3 Qa5 10. Qd2 Rd8 11. Bc4 Nc6 12. Rd1 e6 13. O-O b5 14. Be2 Bb7 15. Rb1 a6 16. a4 cxd4 17. cxd4 Qxd2 18. Bxd2 Nxd4 19. Nxd4 Bxd4 20. axb5 Bxe4 21. Rb4 axb5 22. Bxb5 Rab8 23. Bf4 Rb7 24. Rb3 Bc2 25. Rb4 Bd3 26. Rd1 Rxb5 27. Rxb5 Bxb5 28. Be5 Bxf2+ 29. Kxf2 Rxd1 0-1


[Site "https://www.chess.com"]

[Event "Titled Tuesday Blitz March 01 Late 2022"]
[White "Weetik, Vjacheslav"]
[Black "Dubov, Daniil"]
[WhiteFideId "4153472"]
[BlackFideId "24126055"]
[WhiteElo "2469"]
[BlackElo "2791"]
[Result "0-1"]
[Round "07"]
[TimeControl "180+1"]
[Date "2022.03.01"]
[WhiteClock "0:00:04"]
[BlackClock "0:00:04"]

1. d4 Nf6 2. Bf4 d5 3. e3 g6 4. Nc3 Bg7 5. Nf3 O-O 6. Be2 c5 7. dxc5 Qa5 8. Nd2 Qxc5 9. Nb3 Qb6 10. Be5 Nbd7 11. Bg3 Nc5 12. Nxc5 Qxc5 13. Be5 Rd8 14. O-O Bf5 15. Rc1 Rac8 16. Qd4 Qxd4 17. Bxd4 Ne4 18. Nxe4 Bxe4 19. Bxg7 Kxg7 20. c3 Rd6 21. Rfd1 g5 22. Rd2 e6 23. f3 Bg6 24. e4 Rcd8 25. Rcd1 Kf6 26. exd5 Ke5 27. Bc4 exd5 28. Re1+ Kf6 29. Red1 Ke5 30. Re1+ Kf6 31. Red1 Ke6 32. Re1+ Kd7 33. Rxd5 Rxd5 34. Bxd5 Kc7 35. c4 Kd6 36. Kf2 b5 37. b3 b4 38. h4 gxh4 39. Rh1 Kc5 40. Rxh4 Rd6 41. Rh1 Ra6 42. Ra1 Kd4 43. g4 Kc3 44. f4 Bc2 45. c5 Ra5 46. Bxf7 Rxc5 47. f5 Kb2 48. Re1 Bxf5 49. Kg3 Bb1 50. Bc4 Bxa2 51. Re7 a5 52. Rxh7 a4 53. bxa4 Bxc4 54. Rb7 Ka3 55. Kf4 b3 56. g5 Ra5 57. g6 b2 58. g7 Rxa4 59. Rc7 b1=Q 0-1


[Site "https://www.chess.com"]

[Event "Titled Tuesday Blitz March 01 Late 2022"]
[White "Yordanov, Nikolay Plamenov"]
[Black "Astasio Lopez, David"]
[WhiteFideId "2907445"]
[BlackFideId "2230208"]
[WhiteElo "2417"]
[BlackElo "2547"]
[Result "0-1"]
[Round "07"]
[TimeControl "180+1"]
[Date "2022.03.02"]
[WhiteClock "0:00:16"]
[BlackClock "0:00:17"]

1. d4 d5 2. Bf4 c5 3. e3 e6 4. c3 Bd6 5. Bg3 Qc7 6. Nf3 Nf6 7. Nbd2 Nbd7 8. Bd3 b6 9. O-O Bb7 10. Re1 Ne4 11. dxc5 bxc5 12. Bb5 Nxg3 13. hxg3 O-O 14. e4 Rab8 15. exd5 exd5 16. Bd3 Nf6 17. Qc2 g6 18. Re2 c4 19. Bxg6 hxg6 20. Nd4 Bc8 21. Rae1 Kg7 22. N2f3 Bg4 23. Qc1 Bxf3 24. gxf3 Bc5 25. Qd2 Qd7 26. Kg2 Rfe8 27. Qf4 Rxe2 28. Rxe2 Bxd4 29. Qxd4 Rd8 30. g4 g5 31. Re5 Kg6 32. Rf5 Qe6 33. Qd2 Nh7 34. Qd4 Rd7 35. Qc5 f6 36. Qc8 Re7 37. Qb8 Rd7 38. Qh2 Kg7 39. Qb8 Nf8 40. b3 Ng6 41. bxc4 Nh4+ 42. Kh3 Nxf5 43. gxf5 Qxf5+ 44. Kg3 Qe5+ 45. Qxe5 0-1


[Site "https://www.chess.com"]

[Event "Titled Tuesday Blitz March 01 Late 2022"]
[White "Zhurbinsky, David"]
[Black "Novikova, Galina"]
[WhiteFideId "2072904"]
[BlackFideId "4157095"]
[WhiteElo "2516"]
[BlackElo "1863"]
[Result "1-0"]
[Round "07"]
[TimeControl "180+1"]
[Date "2022.03.02"]
[WhiteClock "0:00:09"]
[BlackClock "0:00:04"]

1. e4 e6 2. d4 d5 3. Nc3 Bb4 4. e5 c5 5. a3 Bxc3+ 6. bxc3 Ne7 7. Nf3 Bd7 8. Bd3 c4 9. Be2 Ba4 10. O-O Nbc6 11. Rb1 b6 12. Bg5 h6 13. Bh4 g5 14. Bg3 Kd7 15. Nd2 Qg8 16. f4 Nf5 17. Bxc4 Ne3 18. Qf3 Nxf1 19. Bxf1 Bxc2 20. Rc1 gxf4 21. Bxf4 Qg6 22. Bb5 Kc7 23. Bxc6 Kxc6 24. c4 Qd3 25. cxd5+ Kb7 26. dxe6+ Qxf3 27. Nxf3 Be4 28. exf7 Bd5 29. Nd2 Bxf7 30. Ne4 Bd5 31. Nd6+ Ka6 32. Rc7 Rhg8 33. g3 h5 34. h4 Raf8 35. Kf2 b5 36. Ke3 Kb6 37. Re7 a5 38. Rh7 b4 39. axb4 a4 40. Rh6 Ka7 41. Nb5+ Kb8 42. Rb6+ Kc8 43. Ra6 Bb3 44. e6 Re8 45. Nd6+ Kd8 46. Ra8+ Ke7 47. Nxe8 Rxe8 48. Bg5+ Kf8 49. Rxe8+ Kxe8 50. Kd2 Bxe6 51. Kc3 Bb3 52. b5 Kd7 53. Kb4 Kc7 54. Bf4+ Kb6 55. Be5 Bd1 56. Bd6 Bc2 57. d5 Bb3 58. Bc5+ Kc7 59. d6+ Kd7 60. Ka5 Bd1 61. Kb6 Bc2 62. Ka7 Be4 63. b6 Kc8 64. d7+ Kxd7 65. b7 Bxb7 66. Kxb7 Ke6 67. Kc6 Kf5 68. Kd5 a3 69. Bxa3 Kg4 70. Bd6 Kf3 71. Bf4 Kg2 72. Ke6 Kh3 73. Kf5 1-0


[Site "https://www.chess.com"]

[Event "Titled Tuesday Blitz March 01 Late 2022"]
[White "Abdrlauf, Elham"]
[Black "Seo, Jung Min"]
[WhiteFideId "1533533"]
[BlackFideId "1734687"]
[WhiteElo "2334"]
[BlackElo "2401"]
[Result "1-0"]
[Round "08"]
[TimeControl "180+1"]
[Date "2022.03.01"]
[WhiteClock "0:01:08"]
[BlackClock "0:00:47"]

1. e4 e5 2. Nc3 Nc6 3. Bc4 Nf6 4. d3 Bb4 5. Nf3 d5 6. exd5 Nxd5 7. O-O Nxc3 8. bxc3 Bxc3 9. Ng5 Rf8 10. Qh5 Qe7 11. Rb1 h6 12. Ne4 Bd4 13. Rb3 Qd7 14. Bxh6 Rh8 15. Qg5 Rxh6 16. Qxg7 Rg6 17. Nf6+ Rxf6 18. Qxf6 Qe7 19. Qh8+ Qf8 20. Qh5 Bb6 21. Bb5 Bd7 22. Bxc6 Bxc6 23. Qxe5+ Kd7 24. Qf5+ Kd6 25. d4 Qg7 26. Rg3 Qxd4 27. Rd3 1-0


[Site "https://www.chess.com"]

[Event "Titled Tuesday Blitz March 01 Late 2022"]
[White "Adewumi, Tanitoluwa"]
[Black "Weetik, Vjacheslav"]
[WhiteFideId "30966396"]
[BlackFideId "4153472"]
[WhiteElo "2545"]
[BlackElo "2469"]
[Result "1/2-1/2"]
[Round "08"]
[TimeControl "180+1"]
[Date "2022.03.01"]
[WhiteClock "0:00:06"]
[BlackClock "0:00:07"]

1. Nf3 Nf6 2. d4 g6 3. c4 Bg7 4. Nc3 d6 5. e4 O-O 6. Be2 e5 7. dxe5 dxe5 8. Qxd8 Rxd8 9. Bg5 Re8 10. Nd5 Nxd5 11. cxd5 c6 12. Bc4 cxd5 13. Bxd5 Nd7 14. Nd2 Nb6 15. Bb3 Be6 16. Ke2 Bf8 17. Rhc1 Bxb3 18. axb3 Rec8 19. Rxc8 Nxc8 20. Nc4 Nd6 21. Nxd6 Bxd6 22. Be3 a6 23. Rd1 Bb4 24. Rd7 b5 25. Rc7 Kg7 26. f3 Rd8 27. Ra7 Rd6 28. Rb7 h6 29. Rc7 Re6 30. h3 Ba5 31. Rb7 Rc6 32. Kd3 h5 33. g4 hxg4 34. hxg4 Rd6+ 35. Ke2 Rc6 36. Kd3 Bb4 37. Rd7 Rd6+ 38. Rxd6 Bxd6 39. Bg1 f6 40. Bh2 Kf7 41. Bg1 Ke6 42. Be3 Bb4 43. Bb6 f5 44. Be3 f4 45. Bf2 Kd6 46. Bh4 Ke6 47. Bd8 Bc5 48. Ba5 Bd4 49. Bc3 Bxc3 50. bxc3 Kd6 51. b4 Kc6 52. Kc2 Kb6 53. g5 a5 54. bxa5+ Kxa5 55. Kb3 Ka6 56. Ka3 Ka5 57. Kb3 Ka6 58. Kb4 Kb6 59. Ka3 Kc5 60. Kb3 Kc6 61. c4 Kc5 62. cxb5 Kxb5 63. Kb2 Kc4 64. Kc2 Kd4 65. Kd2 Kc4 66. Kc2 Kb4 67. Kb2 Kc4 68. Kc2 1/2-1/2


[Site "https://www.chess.com"]

[Event "Titled Tuesday Blitz March 01 Late 2022"]
[White "Aggelis, Nikolaos"]
[Black "Desideri, Ricardo Maruchi"]
[WhiteFideId "4213220"]
[BlackFideId "2110440"]
[WhiteElo "2154"]
[BlackElo "1945"]
[Result "1-0"]
[Round "08"]
[TimeControl "180+1"]
[Date "2022.03.02"]
[WhiteClock "0:00:26"]
[BlackClock "0:00:14"]

1. e4 c5 2. Nf3 d6 3. d4 cxd4 4. Nxd4 Nf6 5. f3 a6 6. c4 e6 7. Nc3 b6 8. Be3 Bb7 9. Qd2 Nbd7 10. Be2 Rc8 11. O-O Qc7 12. Rfc1 Be7 13. a4 Qb8 14. a5 bxa5 15. Rxa5 O-O 16. Raa1 Nc5 17. b4 Ncd7 18. Na4 d5 19. exd5 exd5 20. Nf5 Rfe8 21. Bf4 Qa7+ 22. c5 Bf8 23. Bd6 Re6 24. Bxf8 Kxf8 25. Nd4 Rxe2 26. Nxe2 Bc6 27. Nd4 Qb7 28. Nf5 Qc7 29. Nd6 Rb8 30. Rcb1 h6 31. Nc3 1-0


[Site "https://www.chess.com"]